Map: Ulrena

Players

Fropez

  • Race: Protoss Protoss
  • League: Silver
  • Spawn Location: 11:00

Fishbowl - Winner!

  • Race: Protoss Protoss
  • League: Silver
  • Spawn Location: 7:00

VOD

Have the link to the VOD?

Description

Time

  • Played on: May 11, 2016, 6:26 p.m.
  • Length: 14:49
Show
View Real Time Build Order
Export as new Build Order

Fropez Protoss 

Build Orders:  

Get SALT Encoding   

  12  0:12  Pylon  
  12  0:32  Probe (Chrono Boost)  
  12  0:33  Gateway  
  13  0:41  Pylon  
  13  0:44  Probe (Chrono Boost)  
  14  0:58  Probe (Chrono Boost)  
  14  1:02  Assimilator  
  15  1:09  Probe (Chrono Boost)  
  16  1:23  Cybernetics Core  
  16  1:25  Probe (Chrono Boost)  
  17  1:33  Gateway  
  17  1:38  Assimilator  
  17  1:42  Probe (Chrono Boost)  
  18  1:53  Probe (Chrono Boost)  
  19  2:13  Warp Gate (Chrono Boost)  
  19  2:23  Adept x2  
  23  2:31  Mothership Core  
  25  2:52  Probe  
  25  2:55  Pylon  
  26  3:04  Probe  
  27  3:08  Adept x2  
  31  3:16  Probe  
  31  3:18  Pylon  
  32  3:28  Probe  
  33  3:40  Probe  
  34  3:46  Pylon  
  33  4:03  Pylon, Forge  
  34  4:10  Adept  
  34  4:15  Adept  
  37  4:17  Probe  
  32  4:48  Adept x2  
  32  4:51  Protoss Ground Weapons Level 1 (Chrono Boost)  
  36  5:07  Nexus  
  36  5:15  Gateway  
  32  5:24  Adept  
  32  5:26  Adept  
  26  6:43  Probe  
  26  6:44  Probe  
  26  6:45  Gateway  
  26  6:46  Pylon  
  28  6:51  Assimilator  
  28  6:54  Assimilator  
  28  6:55  Protoss Ground Armor Level 1 (Chrono Boost)  
  28  6:57  Probe x2  
  29  7:04  Adept  
  29  7:05  Adept x2  
  29  7:25  Probe  
  29  7:26  Probe  
  31  7:30  Adept x3  
  31  7:37  Probe  
  38  7:51  Twilight Council  
  38  7:53  Pylon  
  40  8:09  Adept x2  
  42  8:19  Probe x2  
  44  8:28  Resonating Glaives (Chrono Boost)  
  44  8:35  Protoss Ground Weapons Level 2 (Chrono Boost)  
  44  9:07  Stalker x4  
  46  9:27  Probe  
  46  9:29  Probe  
  46  9:49  Probe  
  46  9:50  Probe  
  46  9:53  Adept x3  
  46  9:54  Adept  
  46  9:59  Probe  
  50  10:02  Probe  
  43  10:12  Probe  
  40  10:14  Probe  
  41  10:22  Probe  
  42  10:38  Nexus  
  42  10:45  Templar Archives  
  42  10:50  Probe  
  42  10:51  Probe  
  44  11:03  Zealot  
  43  11:24  Pylon  
  41  11:44  Stalker  
  41  11:46  Stalker  
  45  11:59  Probe  
  45  12:01  Probe  
  47  12:21  Stalker x3  
  47  12:22  Probe  
  46  12:24  Probe  
  46  12:36  High Templar  
  41  12:50  Probe  
  40  12:52  Probe x2  
  43  13:00  Probe  
  44  13:05  Pylon  
  44  13:23  Probe  
  45  13:29  Pylon  
  45  13:31  Robotics Facility  
  45  13:43  High Templar x2  
  45  13:44  High Templar x2  
  53  13:56  Photon Cannon  
  53  13:59  Archon x2  
  53  14:05  Probe  
  53  14:06  Probe x2  
  56  14:12  Photon Cannon  
  56  14:15  Probe  
  56  14:19  Observer  
  52  14:28  High Templar x4  
  40  14:38  Archon  
  40  14:39  Archon  
Show
View Real Time Build Order
Export as new Build Order

Fishbowl Protoss - Winner!

Build Orders:  

Get SALT Encoding   

  12  0:01  Probe (Chrono Boost)  
  13  0:18  Pylon, Probe (Chrono Boost)  
  14  0:29  Probe (Chrono Boost)  
  15  0:37  Gateway  
  15  0:45  Probe (Chrono Boost)  
  16  0:56  Probe (Chrono Boost)  
  17  1:09  Probe (Chrono Boost)  
  18  1:17  Pylon  
  18  1:19  Probe (Chrono Boost)  
  19  1:29  Zealot  
  19  1:30  Cybernetics Core  
  21  1:34  Pylon  
  21  1:35  Probe (Chrono Boost)  
  21  1:36  Assimilator  
  22  1:56  Zealot  
  22  1:57  Probe (Chrono Boost)  
  25  2:06  Gateway  
  25  2:07  Probe (Chrono Boost)  
  26  2:17  Assimilator  
  26  2:31  Warp Gate  
  26  2:46  Nexus  
  26  2:50  Pylon  
  25  2:54  Probe (Chrono Boost)  
  26  3:04  Probe (Chrono Boost)  
  27  3:06  Stalker  
  29  3:15  Probe (Chrono Boost)  
  29  3:16  Adept  
  32  3:25  Probe (Chrono Boost)  
  33  3:27  Forge  
  33  3:36  Probe (Chrono Boost)  
  34  3:46  Probe (Chrono Boost)  
  35  3:57  Mothership Core (Chrono Boost)  
  35  3:59  Twilight Council  
  37  4:04  Robotics Facility  
  37  4:07  Probe (Chrono Boost)  
  38  4:18  Probe (Chrono Boost)  
  38  4:22  Pylon  
  39  4:28  Probe (Chrono Boost)  
  40  4:35  Resonating Glaives  
  36  4:52  Adept x2  
  40  4:54  Probe (Chrono Boost)  
  40  4:59  Observer  
  37  5:04  Probe (Chrono Boost)  
  33  5:15  Probe (Chrono Boost)  
  33  5:21  Immortal  
  38  5:24  Adept  
  38  5:25  Probe (Chrono Boost)  
  41  5:36  Probe (Chrono Boost)  
  42  5:47  Probe (Chrono Boost)  
  37  5:55  Stalker  
  38  5:57  Probe (Chrono Boost)  
  39  6:08  Probe (Chrono Boost)  
  37  6:16  Probe (Chrono Boost)  
  36  6:18  Probe (Chrono Boost)  
  34  6:27  Probe (Chrono Boost)  
  34  6:29  Probe (Chrono Boost)  
  36  6:37  Probe (Chrono Boost)  
  36  6:39  Probe (Chrono Boost)  
  38  6:48  Probe (Chrono Boost)  
  38  6:50  Probe (Chrono Boost)  
  40  6:58  Probe (Chrono Boost)  
  40  7:00  Probe (Chrono Boost)  
  42  7:09  Probe (Chrono Boost)  
  42  7:11  Probe (Chrono Boost)  
  38  7:19  Probe (Chrono Boost)  
  38  7:21  Probe (Chrono Boost)  
  40  7:23  Photon Cannon  
  40  7:28  Photon Cannon  
  41  7:30  Probe (Chrono Boost)  
  41  7:32  Probe (Chrono Boost)  
  42  7:38  Photon Cannon  
  42  7:40  Probe (Chrono Boost)  
  42  7:42  Probe (Chrono Boost)  
  44  7:50  Gateway  
  44  7:51  Probe (Chrono Boost)  
  45  7:53  Probe (Chrono Boost)  
  45  7:55  Gateway  
  45  7:56  Gateway  
  46  7:59  Warp Prism, Pylon  
  46  8:01  Probe (Chrono Boost)  
  46  8:03  Probe (Chrono Boost)  
  50  8:07  Assimilator  
  50  8:10  Stalker  
  52  8:14  Probe (Chrono Boost)  
  52  8:15  Probe (Chrono Boost)  
  54  8:25  Probe (Chrono Boost)  
  54  8:26  Probe (Chrono Boost)  
  56  8:35  Probe (Chrono Boost)  
  56  8:36  Observer, Probe (Chrono Boost)  
  56  8:38  Gateway  
  56  8:41  Gateway  
  59  8:50  Stalker x2  
  62  9:00  Stalker  
  64  9:14  Zealot x3  
  55  9:55  Zealot x5  
  55  10:35  Nexus  
  55  10:58  Zealot x3  
  55  10:59  Zealot x4  
  61  11:19  Zealot  
  61  11:20  Zealot x3  
  59  11:34  Probe (Chrono Boost)  
  56  11:41  Immortal  
  56  11:45  Probe (Chrono Boost)  
  61  11:47  Zealot  
  61  11:48  Zealot x4  
  61  11:49  Zealot  
  73  11:55  Probe (Chrono Boost)  
  74  12:06  Probe (Chrono Boost)  
  71  12:10  Zealot x2  
  71  12:11  Zealot x4  
  76  12:21  Immortal  
  78  12:28  Probe (Chrono Boost)  
  77  12:39  Probe (Chrono Boost)  
  74  12:49  Probe (Chrono Boost)  
  69  13:00  Probe (Chrono Boost), Immortal  
  69  13:05  Stalker x3  
  76  13:06  Stalker x2  
  76  13:10  Probe (Chrono Boost)  
  85  13:13  Pylon  
  85  13:15  Pylon  
  85  13:17  Pylon  
  85  13:46  Stalker x3  
  85  13:47  Stalker x3  
  85  13:48  Stalker  
  99  13:56  Immortal  
  99  14:02  Assimilator  
  103  14:22  Zealot x4  
Tags
 
Matchup
PvP
Replay Pack
All Mines
Spawn Locations
Close Positions
Add a new tag
Caveats
  • Supply blocks, unpowered buildings, or Contaminate may cause inaccurate times.
  • Supply counts are checked every 10 seconds.